 Dungeon Crawl Stone Soup version 0.26.0-10-g1f06aea511 (webtiles) character file.

Game seed: 14935076301977079269

1756 nightchill the Cleaver (level 9, 0/79 HPs)
             Began as a Ghoul Gladiator on Jan 28, 2021.
             Was an Initiate of Makhleb.
             Slain by a killer bee (6 damage)
             ... on level 6 of the Dungeon.
             The game lasted 00:15:20 (7912 turns).

nightchill the Cleaver (Ghoul Gladiator)            Turns: 7912, Time: 00:15:21

Health: 0/79       AC: 11    Str: 18    XL:     9   Next: 6%
Magic:  8/8        EV: 10    Int:  6    God:    Makhleb [......]
Gold:   357        SH:  3    Dex: 10    Spells: 8/8 levels left

rFire    + . .     SeeInvis .   a - +0 war axe
rCold    + + .     Faith    .   B - +0 buckler
rNeg     + + +     Spirit   .   H - +4 ring mail {rC+}
rPois    ∞         Reflect  .   C - +0 helmet
rElec    .         Harm     .   s - scarf {repulsion}
rCorr    .         Rampage  .   (no gloves)
Will     .....                  f - +0 pair of boots
Stlth    ..........             (no amulet)
HPRegen  0.00/turn              n - ring of protection from fire
MPRegen  0.11/turn              (no ring)

@: repel missiles
A: claws 1, cold resistance 1, negative energy resistance 3, inhibited
regeneration, torment resistance, unbreathing
a: Renounce Religion


You were on level 6 of the Dungeon.
You worshipped Makhleb.
Makhleb was noncommittal.
You visited 2 branches of the dungeon, and saw 8 of its levels.

You collected 357 gold pieces.

Inventory:

Hand Weapons
 a - a +0 war axe (weapon)
 z - a +0 war axe
Missiles
 d - 3 throwing nets (quivered)
 k - 153 stones
Armour
 f - a +0 pair of boots (worn)
 s - a scarf of repulsion (worn)
 B - a +0 buckler (worn)
 C - a +0 helmet (worn)
 H - a +4 ring mail of cold resistance (worn)
Magical Staves
 y - an uncursed staff of cold
Jewellery
 n - a ring of protection from fire (left claw)
Wands
 v - a wand of disintegration (11)
 A - a wand of paralysis (12)
 D - a wand of flame (23)
 F - a wand of random effects (8)
Scrolls
 b - a scroll of blinking {unknown}
 c - 2 scrolls of identify
 e - a scroll of enchant weapon {unknown}
 g - 3 scrolls of remove curse
 h - a scroll of fog {unknown}
 i - 2 scrolls of immolation {unknown}
 p - a scroll of noise {unknown}
 r - a scroll of magic mapping
 u - 2 scrolls of enchant armour {unknown}
 x - a scroll of teleportation {unknown}
Potions
 j - 2 potions of curing
 l - a potion of resistance
 q - a potion of haste
 G - 2 potions of attraction


   Skills:
 + Level 7.4 Fighting
 * Level 9.0 Axes
 - Level 1.7 Throwing
 - Level 2.6 Dodging


You had 8 spell levels left.
You didn't know any spells.
Your spell library contained the following spells:

 Spells                   Type           Power        Failure   Level
 Foxfire                  Conj/Fire      0%           83%         1
 Summon Small Mammal      Summ           0%           83%         1
 Call Imp                 Summ           0%           92%         2
 Call Canine Familiar     Summ           0%           99%         3
 Conjure Flame            Conj/Fire      0%           99%         3
 Inner Flame              Hex/Fire       0%           99%         3
 Summon Guardian Golem    Hex/Summ       0%           99%         3
 Sticky Flame             Conj/Fire      0%           100%        4
 Summon Ice Beast         Ice/Summ       0%           100%        4
 Summon Lightning Spire   Summ/Air       0%           100%        4
 Fireball                 Conj/Fire      0%           100%        5


Dungeon Overview and Level Annotations

Branches:
Dungeon (7/15)             Temple (1/1) D:6

Altars:
Ashenzari
Cheibriados
Dithmenos
Elyvilon
Fedhas
Gozag
Hepliaklqana
Kikubaaqudgha
Makhleb
Nemelex Xobeh
Okawaru
Qazlal
Ru
Sif Muna
Trog
Uskayaw
Vehumet
Wu Jian
Xom
Yredelemnul
Zin
The Shining One

Annotations:
D:3 exclusion: downstairs
D:7 Menkaure


Innate Abilities, Weirdness & Mutations

You thrive by killing the living.
You are immune to poison.
You have sharp fingernails.
Your flesh is cold resistant. (rC+)
You are immune to negative energy. (rN+++)
You do not regenerate when monsters are visible.
You are immune to unholy pain and torment.
You can survive without breathing.


Message History

* * * LOW HITPOINT WARNING * * *
You feel better. The killer bee stings you.
* * * LOW HITPOINT WARNING * * *
The killer bee closely misses you. The killer bee stings you.
* * * LOW HITPOINT WARNING * * *
The killer bee stings you but does no damage.
The killer bee closely misses you.
The killer bee stings you but does no damage.
The killer bee stings you.
* * * LOW HITPOINT WARNING * * *
The killer bee closely misses you. The killer bee stings you.
* * * LOW HITPOINT WARNING * * *
The killer bee stings you but does no damage.
There is an open door here.
The killer bee stings you but does no damage.
You hit the killer bee.
The killer bee is severely wounded.
The killer bee stings you.
You die...

##+###..#....#...##..#......#
.....#..#....#...##..#......#####
.....#..#....#...##..#...........
.....+..#....+....#..#...........
.....#..#....#....#..#...........
.....####....###.###.#...........
#####..........#.###.###+###.....
....#..........#...#...#...#.....
....#..........+@y.#.>.#...#.....
....#..........#y#########'#.....
#.#............y...............##
#########......................#.
#.).>..................#.
#......................##
#.......####.....########
#.......#..#.....#.......
#########.......#..#.....#.......


You could see 3 killer bees.

Vanquished Creatures
  Duvessa (D:6)
  A sky beast (D:5)
  A black bear (D:6)
  An ice beast (D:6)
  2 phantoms
  2 ogres
  A centaur (D:5)
  Blork the orc (D:5)
  A wyvern skeleton (D:4)
  2 scorpions
  Dowan (D:6)
  A killer bee (D:6)
  A quasit (D:6)
  A centaur skeleton (D:4)
  2 orc priests
  2 bullfrog skeletons
  2 orc wizards (D:3)
  An iguana (D:7)
  4 worker ants
  Ijyb (D:4)
  A hound skeleton (D:6)
  A worker ant zombie (D:5)
  3 gnolls
  8 adders
  A shadow imp (D:6)
  A white imp (D:3)
  An ooze (D:6)
  An adder skeleton (D:4)
  4 worms
  8 leopard geckos
  16 orcs
  8 bats
  2 giant cockroaches
  3 hobgoblins
  10 jackals
  5 kobolds
  A quokka (D:4)
  2 ball pythons
  9 frilled lizards
  A giant cockroach zombie (D:5)
  10 goblins
  A leopard gecko zombie (D:5)
  A quokka skeleton (D:7)
  4 rats
131 creatures vanquished.

Notes
Turn   | Place    | Note
-------+----------+-------------------------------------------
     0 | D:1      | nightchill the Ghoul Gladiator began the quest for the Orb.
     0 | D:1      | Reached XP level 1. HP: 17/17 MP: 0/0
   200 | D:1      | Reached skill level 3 in Axes
   230 | D:1      | Reached XP level 2. HP: 25/25 MP: 1/1
   790 | D:2      | Reached XP level 3. HP: 30/30 MP: 2/2
  1767 | D:2      | Reached XP level 4. HP: 38/38 MP: 3/3
  1944 | D:3      | Reached skill level 4 in Axes
  2039 | D:3      | Found a radiant altar of Vehumet.
  2242 | D:3      | Reached XP level 5. HP: 41/46 MP: 4/4
  2968 | D:3      | Reached skill level 5 in Axes
  3241 | D:4      | Reached XP level 6. HP: 44/52 MP: 5/5
  3554 | D:4      | Noticed Ijyb
  3563 | D:4      | Killed Ijyb
  3626 | D:4      | Noticed a phantom
  3669 | D:4      | Killed a phantom
  3670 | D:4      | Reached skill level 6 in Axes
  3670 | D:4      | Reached XP level 7. HP: 45/60 MP: 6/6
  3806 | D:4      | Reached skill level 5 in Fighting
  4684 | D:5      | Entered Level 5 of the Dungeon
  4816 | D:5      | Noticed Blork the orc
  4830 | D:5      | Killed Blork the orc
  5163 | D:5      | Found a white marble altar of Elyvilon.
  5706 | D:5      | Reached skill level 7 in Axes
  5706 | D:5      | Reached XP level 8. HP: 49/70 MP: 7/7
  6277 | D:6      | Found a sparkling altar of Nemelex Xobeh.
  6478 | D:6      | Found a staircase to the Ecumenical Temple.
  6494 | Temple   | Entered the Ecumenical Temple
  6651 | Temple   | Became a worshipper of Makhleb the Destroyer
  6719 | D:6      | Reached skill level 8 in Axes
  6785 | D:6      | Noticed Dowan
  6787 | D:6      | Noticed Duvessa
  6803 | D:6      | Killed Dowan
  6810 | D:6      | HP: 1/71 [Duvessa/+0 short sword (16)]
  6811 | D:6      | Killed Duvessa
  7864 | D:7      | Reached XP level 9. HP: 78/79 MP: 8/8
  7868 | D:7      | Noticed Menkaure
  7893 | D:6      | Reached skill level 9 in Axes
  7912 | D:6      | Slain by a killer bee

Illustrated notes

Levels and vault maps discovered:
D:1:      wander_arrival_desolate, layout_basic
D:2:      layout_loops_corners
D:3:      cheibrodos_pilgrimage, layout_loops_corners,
          nicolae_overflow_crystal_walls, small_statue_intersection,
          nrook_loot_triangle
D:4:      layout_gridville, uniq_ijyb
D:5:      cheibrodos_helix_gallery, layout_basic, elyvilon_altar_1,
          uniq_blork_the_orc
D:6:      layout_gridville, minmay_temple_entry_trees, moated_statue,
          nemelex_dance_club_becter, uniq_duvessa
D:7:      layout_loops_ring, nicolae_ossuary_entry_catacombs, enter_bailey_4,
          uniq_joseph, uniq_crazy_yiuf_cottage, uniq_menkaure
Temple:   minmay_crystal_snake_temple

Skill      XL: |  1  2  3  4  5  6  7  8  9 |
---------------+----------------------------+-----
Axes           | 3 4 5 6 7 8 9 |  9.0
Fighting       | 3 4 5 7 |  7.4
Throwing       | |  1.7
Dodging        | |  2.6

Action                   |  1- 3 |  4- 6 |  7- 9 || total
-------------------------+-------+-------+-------++-------
Melee: War axe           |   166 |   149 |   263 ||   578
  Use: Scroll            |       |       |     8 ||     8
       Potion            |       |       |     1 ||     1
Armor: Scale mail        |   106 |    72 |    89 ||   267
       Leather armour    |     1 |       |       ||     1
       Ring mail         |       |       |    46 ||    46
Dodge: Dodged            |   124 |    80 |   170 ||   374
       Repelled          |       |       |     1 ||     1
Block: Buckler           |       |       |    29 ||    29
